 Dungeon Crawl Stone Soup version 0.30.1-3-gfc49f6343a (webtiles) character file.

Game seed: 2613192365235885674

79 Atelerd the Digger (level 4, -10/27 HPs)
             Began as an Octopode Earth Elementalist on July 19, 2023.
             Blown up by Ijyb (19 damage)
             ... with a mindburst bolt
             ... on level 3 of the Dungeon.
             The game lasted 00:01:24 (2163 turns).

Atelerd the Digger (Octopode Earth Elementalist)    Turns: 2163, Time: 00:01:24

Health: -10/27     AC:  1    Str:  7    XL:     4   Next: 38%
Magic:  6/8        EV: 13    Int: 19    God:
Gold:   124        SH:  0    Dex: 18    Spells: 7/8 levels left

rFire   . . .        h - +0 rapier
rCold   . . .        (no shield)
rNeg    . . .        (helmet restricted)
rPois   .            (no amulet)
rElec   .            k - ring of see invisible
rCorr   .            g - +6 ring of dexterity
SInv    +            (no ring)
Will    .....        (no ring)
Stlth   +++          (no ring)
HPRegen 0.24/turn    (no ring)
MPRegen 0.11/turn    (no ring)
                     (no ring)

%: no passive effects
@: no status effects
A: almost no armour, amphibious, 8 rings, camouflage 1, gelatinous body 1,
(nimble swimmer 1), tentacles
a: no special abilities


You were on level 3 of the Dungeon.
You visited 1 branch of the dungeon, and saw 3 of its levels.

You collected 124 gold pieces.

Inventory:

Hand Weapons
 h - a +0 rapier (weapon)
Jewellery
 g - a +6 ring of dexterity (right tentacle)
 k - a ring of see invisible (left tentacle)
Scrolls
 c - a scroll of magic mapping {unknown}
 d - 3 scrolls of brand weapon {unknown}
 f - 4 scrolls of identify {unknown}
 j - a scroll of torment {unknown}
 m - a scroll of enchant weapon {unknown}
 n - a scroll of blinking {unknown}
 o - a scroll of vulnerability {unknown}
Potions
 a - a potion of magic
 b - a potion of heal wounds {unknown}
 e - 3 potions of mutation {unknown}
 i - 2 potions of curing {unknown}
 l - a potion of attraction {unknown}


   Skills:
 + Level 0.2 Fighting
 - Level 2.0 Dodging
 - Level 2.6 Stealth
 + Level 2.7 Spellcasting
 + Level 1.0 Transmutations
 * Level 4.5 Earth Magic


You had 7 spell levels left.
You knew the following spells:

 Your Spells              Type           Power      Damage    Failure   Level
a - Sandblast             Erth           38%        2d10      2%          1

Your spell library contained the following spells:

 Spells                   Type           Power      Damage    Failure   Level
 Passwall                 Tmut/Erth      10%        N/A       8%          2
 Stone Arrow              Conj/Erth      22%        3d8       19%         3
 Petrify                  Tmut/Erth      13%        N/A       45%         4


Dungeon Overview and Level Annotations

Branches:
Dungeon (3/15)

Altars:
Qazlal

Annotations:
D:3 Ijyb


Innate Abilities, Weirdness & Mutations

You cannot wear most types of armour.
You are amphibious.
You can wear up to eight rings at the same time.
Your skin changes colour to match your surroundings (Stealth+).
Your rubbery body absorbs attacks. (AC +1, EV +1)
((You are camouflaged when in or above water. (Stealth+)))
You have tentacles for arms and can constrict up to eight enemies at once.


Message History

The bat barely misses you.
A bat is nearby!
The bat hits you.
The blast of sand misses the bat.
The bat completely misses you. The bat misses you.
A bat is nearby!
The blast of sand hits the bat!
You kill the bat!
You see here a bat corpse.
A frilled lizard and a goblin come into view.
Found a ring mail.
The frilled lizard hisses angrily.
The blast of sand hits the goblin!
You kill the goblin!
A frilled lizard is nearby!
Ijyb the Twisted Goblin comes into view.
She is wielding a +0 club and carrying a wand of mindburst (21).
Ijyb shouts!
You hear an angry hiss.
The blast of sand hits the frilled lizard!
You kill the frilled lizard!
A giant cockroach comes into view.
Ijyb zaps a wand.
Your mind is blasted!
Ouch! That really hurt!
You are too injured to fight recklessly!
There are monsters nearby!
You are too injured to fight recklessly!
There are monsters nearby!
You are too injured to fight recklessly!
You are too injured to fight recklessly!
There are monsters nearby!
You are too injured to fight recklessly!
You are too injured to fight recklessly!
There are monsters nearby!
You are too injured to fight recklessly!
You are too injured to fight recklessly!
There are monsters nearby!
You are too injured to fight recklessly!
Unknown command.
Ijyb zaps a wand.
Your mind is blasted!
Ouch! That really hurt!
You die...

.
...##....#.##).....#
..
.......>...........#
...
#.#...#..###.....#
..##.#.#†..##
#.....# .........#.#
####### #
.###.##.##.# #.
#.......# ##.
#.##.#.## ....
##@##..... ....
#.....#.#.#
##.#..##.###.#.#...
.....[.g.# #...# ###
#....)##.# #.###
#.... #... .. ....
##..# ##. .... #
.##.#


You could see Ijyb.

Vanquished Creatures
  2 adders (D:2)
  A worm (D:2)
  2 dart slugs (D:1)
  4 ball pythons
  6 bats
  3 endoplasms (D:1)
  2 giant cockroaches (D:1)
  5 goblins
  3 hobgoblins
  10 kobolds
  3 quokkas
  4 frilled lizards
  9 rats
54 creatures vanquished.

Notes
Turn   | Place    | Note
-------+----------+-------------------------------------------
     0 | D:1      | Atelerd the Octopode Earth Elementalist began the quest for
                  | the Orb.
     0 | D:1      | Reached XP level 1. HP: 11/11 MP: 3/3
   125 | D:1      | Reached XP level 2. HP: 16/17 MP: 0/5
   671 | D:1      | Reached XP level 3. HP: 21/21 MP: 4/6
   695 | D:1      | Reached skill level 4 in Earth Magic
  1404 | D:2      | Found a stormy altar of Qazlal.
  1691 | D:2      | Reached XP level 4. HP: 12/27 MP: 4/7
  2159 | D:3      | Noticed Ijyb
  2163 | D:3      | Blown up by Ijyb

Illustrated notes

Levels and vault maps discovered:
D:1:      eino_arrival_cavern_a, layout_basic
D:2:      layout_basic, basic_altar, grunt_decor_cap
D:3:      layout_loops_cross, nicolae_tso_swordbearing_angel,
          uniq_crazy_yiuf_cottage, uniq_ijyb

Skill      XL: |  1  2  3 |
---------------+----------+-----
Earth Magic    | 4 |  4.5
Fighting       | |  0.2
Dodging        | |  2.0
Stealth        | |  2.6
Spellcasting   | |  2.7
Transmutations | |  1.0

Action                     |  1- 3 |  4- 6 || total
---------------------------+-------+-------++-------
  Melee: Unarmed           |     4 |       ||     4
         Tentacles         |     3 |     1 ||     4
         Constrict         |     2 |     3 ||     5
         Punch             |     1 |       ||     1
         Rapier            |     5 |     7 ||    12
   Cast: Sandblast         |    52 |    13 ||    65
   Stab: Sleeping          |       |     1 ||     1
 Armour: Skin              |     3 |     2 ||     5
  Dodge: Dodged            |    19 |    15 ||    34
